 Dungeon Crawl Stone Soup version 0.30-a0-304-gdc4b735fe1 (webtiles) character file.

Game seed: 7799162189541415957

100 Iusername the Chopper (level 4, -5/57 HPs)
             Began as a Minotaur Gladiator on Oct 20, 2022.
             Killed by an exploding goblin (33 damage)
             ... ignited by their inner flame
             ... on level 2 of the Dungeon.
             The game lasted 00:02:22 (1222 turns).

Iusername the Chopper (Minotaur Gladiator)          Turns: 1222, Time: 00:02:23

Health: -5/57      AC: 22    Str: 19 (21) XL:     4   Next: 46%
Magic:  3/3        EV:  2    Int:  4 (5)  God:
Gold:   47         SH:  0    Dex:  8 (11) Spells: 3/3 levels left

rFire   . . .      SeeInvis .    a - +1 war axe
rCold   . . .      Faith    .    (no shield)
rNeg    . . .      Spirit   .    (body armour currently unavailable)
rPois   +          Reflect  .    (helmet currently unavailable)
rElec   .          Harm     .    (cloak currently unavailable)
rCorr   .          Rampage  .    (gloves currently unavailable)
Will    .....      NoTele   +    (boots currently unavailable)
Stlth   +.........               (no amulet)
HPRegen 0.29/turn                (no ring)
MPRegen 0.08/turn                (no ring)

@: mighty, tree-form
A: stationary, stasis, torment immunity, boosted hp, (horns 2), (retaliatory
headbutt)
a: no special abilities


You were on level 2 of the Dungeon.
You were a tree.
You visited 1 branch of the dungeon, and saw 2 of its levels.

You collected 47 gold pieces.

Inventory:

Hand Weapons
 a - a +1 war axe (weapon)
Missiles
 d - a throwing net
 e - a javelin (quivered)
Armour
 b - a +0 leather armour (melded)
 c - a +0 hat (melded)
Scrolls
 f - a scroll of identify


   Skills:
 + Level 3.4 Fighting
 + Level 4.5 Axes
 + Level 2.9 Throwing
 + Level 4.1 Dodging


You had 3 spell levels left.
You didn't know any spells.
Your spell library contained the following spells:

 Spells                   Type           Power      Damage    Failure   Level
 Slow                     Hex            0%         N/A       50%         1
 Confusing Touch          Hex            0%         N/A       86%         3
 Vampiric Draining        Necr           0%         2d6       86%         3


Dungeon Overview and Level Annotations

Branches:
Dungeon (2/15)

Altars:

Annotations:
D:2 Robin


Innate Abilities, Weirdness & Mutations

You are a tree.
Your roots penetrate the ground, keeping you stationary.
You cannot be teleported.
You are immune to unholy pain and torment.
Your maximum health is greatly increased.
Your equipment is partially melded.
((You have a pair of horns on your head.))
((You reflexively headbutt those who attack you in melee.))


Message History

You cannot move.
You cannot move.
You cannot move.
You are too injured to fight recklessly!
Unknown command.
You are too injured to fight recklessly!
There are monsters nearby!
You slash the goblin!
You kill the goblin!
The goblin unwields a +0 dagger.
The goblin wields a +0 sling.
The goblin shoots a sling bullet.
The sling bullet hits you but does no damage.
You cannot move.
You are too injured to fight recklessly!
You are too injured to fight recklessly!
You cannot move.
You cannot move.
You cannot move.
As you read the scroll labelled AMOGEPHACIM, it crumbles to dust.
It is a scroll of identify.
i - a scroll of enchant weapon The goblin shoots a sling bullet.
The sling bullet hits you but does no damage.
As you read the scroll labelled XOLEXA QIESHA, it crumbles to dust.
The creatures around you are filled with an inner flame!
It was a scroll of immolation.
The goblin shoots a sling bullet.
The sling bullet hits you but does no damage.
As you read the scroll of enchant weapon, it crumbles to dust.
Your +0 war axe glows red for a moment.
The goblin shoots a sling bullet.
The sling bullet hits you but does no damage.
You drop a scroll of identify.
The goblin shoots a sling bullet.
The sling bullet hits you but does no damage.
f - a scroll of identify You closely miss the goblin.
The goblin unwields a +0 sling.
The goblin wields a +0 dagger.
The goblin hits you but does no damage.
You slash the goblin!
The goblin explodes!
The fiery explosion engulfs you!!
Ouch! That really hurt!
You die...

..........### #......
........†#... #......
.#####...#... #......
#.#..)#... #......
##..###.### .......
............ #......
####.###.### #......##
##...#... #.....§♣#
#...#... #...).§§#
##..#... #######g###
##..###
######g..#########...#.
........†...g.........#.
#########...####.##....#
.......)S.......[....
##.###.#.####gg).....
.....# ###.#####


You could see 2 goblins.

Vanquished Creatures
  An orc priest (D:2)
  2 adders (D:2)
  A worm (D:2)
  3 orcs (D:2)
  3 endoplasms
  A giant cockroach (D:2)
  11 goblins
  2 hobgoblins (D:2)
  A jackal (D:1)
  4 kobolds
  3 quokkas
  2 ball pythons (D:1)
  4 bats
  3 frilled lizards
  7 rats
48 creatures vanquished.

Notes
Turn   | Place    | Note
-------+----------+-------------------------------------------
     0 | D:1      | Iusername the Minotaur Gladiator began the quest for the
                  | Orb.
     0 | D:1      | Reached XP level 1. HP: 18/18 MP: 0/0
   197 | D:1      | Found a faded altar of an unknown god.
   215 | D:1      | Reached XP level 2. HP: 25/25 MP: 1/1
   790 | D:2      | Reached XP level 3. HP: 17/31 MP: 2/2
  1032 | D:2      | Reached XP level 4. HP: 21/38 MP: 3/3
  1175 | D:2      | Noticed Robin
  1222 | D:2      | Killed by an exploding goblin... ignited by their inner
                  | flame

Illustrated notes

Levels and vault maps discovered:
D:1:      evilmike_arrival_plus, layout_loops_ring,
          ebering_ecumenical_altar_mist, minmay_tiny_reverse_x
D:2:      layout_basic, chequers_mini_garden, chequers_serial_rivers_small_b,
          nicolae_titane, uniq_robin

Skill      XL: |  1  2  3 |
---------------+----------+-----
Axes           | 4 |  4.5
Fighting       | 3 |  3.4
Dodging        | 4 |  4.1
Throwing       | |  2.9

Action                   |  1- 3 |  4- 6 || total
-------------------------+-------+-------++-------
Melee: War axe           |    56 |    22 ||    78
       Headbutt          |     6 |     3 ||     9
       Punch             |     1 |       ||     1
Throw: Throwing net      |     2 |       ||     2
  Use: Potion            |     1 |     4 ||     5
       Scroll            |       |     3 ||     3
Armor: Leather armour    |    10 |    11 ||    21
       Skin              |       |    13 ||    13
Dodge: Dodged            |    38 |    23 ||    61

Table legend: (Time is in decaauts)
 A = Elapsed time spent in this place.
 B = Non-inter-level travel time spent in this place.
 C = Inter-level travel time spent in this place.
 D = Time resting spent in this place.
 E = Time spent auto-exploring this place.
 F = Levels seen in this place.
 G = Mean time per level.
                   A        B        C        D        E       F      G
               +--------+--------+--------+--------+--------+-----+--------+
         Total |   1245 |   1227 |     18 |    265 |    729 |   2 |  622.5 |
       Dungeon |   1245 |   1227 |     18 |    265 |    729 |   2 |  622.5 |
               +--------+--------+--------+--------+--------+-----+--------+

Top non-repeatable levels by time:
     D:1: 789 daAuts
     D:2: 455 daAuts
